 Dungeon Crawl Stone Soup version 0.28.0-43-g3370ac3207 (webtiles) character file.

Game seed: 11563392473610923101

13003 Acheron the Grappler (level 11, -1/101 HPs)
             Began as a Troll Arcane Marksman on Mar 7, 2022.
             Was a Priest of the Shining One.
             Succumbed to a black mamba's poison
             ... on level 1 of the Lair of Beasts.
             The game lasted 00:48:32 (8516 turns).

Acheron the Grappler (Troll Arcane Marksman)        Turns: 8516, Time: 00:48:33

Health: -1/101     AC:  7    Str: 20    XL:     11   Next: 69%
Magic:  12/12      EV: 27    Int: 11    God:    the Shining One [***...]
Gold:   564        SH:  0    Dex: 12    Spells: 11/12 levels left

rFire   . . .      SeeInvis +     - Unarmed
rCold   . . .      Faith    .   (no shield)
rNeg    + . .      Spirit   .   D - +0 steam dragon scales
rPois   +          Reflect  .   (helmet restricted)
rElec   .          Harm     .   (no cloak)
rCorr   .          Rampage  .   (gloves unavailable)
Will    .....                   (boots unavailable)
Stlth   +.........              k - amulet of the acrobat
HPRegen 1.06/turn               s - ring of see invisible
MPRegen 0.13/turn               A - ring of poison resistance

@: lethally poisoned (-1 -> -30), acrobatic, glowing
A: large, unfitting armour, claws 3, regeneration 1, shaggy fur 1, tough skin 1
a: Renounce Religion, Divine Shield, Cleansing Flame


You were on level 1 of the Lair of Beasts.
You worshipped the Shining One.
The Shining One was most pleased with you.
You visited 4 branches of the dungeon, and saw 17 of its levels.

You collected 733 gold pieces.
You spent 169 gold pieces at shops.

Inventory:

Hand Weapons
 p - a +2 antimagic rapier
 B - a +6 war axe
Missiles
 b - 6 large rocks (quivered)
 c - 2 throwing nets
 d - 6 curare-tipped darts
 g - 72 poisoned darts
 v - 3 boomerangs
Armour
 a - a +1 robe
 D - +0 steam dragon scales (worn)
Jewellery
 f - a ring of positive energy
 k - an amulet of the acrobat (around neck)
 n - a +4 ring of evasion
 q - a ring of willpower
 s - a ring of see invisible (left claw)
 A - a ring of poison resistance (right claw)
Wands
 r - a wand of flame (19)
 y - a wand of paralysis (6)
Scrolls
 h - 3 scrolls of summoning
 l - 3 scrolls of amnesia
 o - 3 scrolls of teleportation
 w - 2 scrolls of magic mapping
 E - a scroll of fear
Potions
 e - 5 potions of curing
 i - 4 potions of flight
 j - a potion of brilliance
 m - 2 potions of heal wounds
 t - a potion of cancellation
 u - a potion of invisibility
 x - 3 potions of might
 z - a potion of mutation
 C - 2 potions of lignification


   Skills:
 * Level 4.6 Fighting
 * Level 3.2 Axes
 * Level 5.3 Throwing
 + Level 2.2 Armour
 * Level 6.2 Dodging
 * Level 3.1 Stealth
 * Level 12.1 Unarmed Combat
 + Level 1.0 Spellcasting
 + Level 2.3 Hexes
 * Level 3.4 Invocations
 * Level 3.5 Evocations


You had 11 spell levels left.
You knew the following spells:

 Your Spells              Type           Power      Damage    Failure   Level
a - Slow                  Hex            20%        N/A       13%         1

Your spell library contained the following spells:

 Spells                   Type           Power      Damage    Failure   Level
 Shock                    Conj/Air       0%         1d3       32%         1
 Confusing Touch          Hex            5%         N/A       36%         3
 Corpse Rot               Necr/Air       0%         N/A       43%         2
 Inner Flame              Hex/Fire       3%         N/A       52%         3
 Portal Projectile        Hex/Tloc       6%         N/A       52%         3
 Ozocubu's Armour         Ice            0%         N/A       67%         3
 Swiftness                Air            0%         N/A       67%         3
 Vampiric Draining        Necr           0%         2d6       67%         3
 Cause Fear               Hex            2%         N/A       77%         4
 Airstrike                Air            0%         N/A       97%         4
 Dispel Undead            Necr           0%         3d6       97%         4
 Death Channel            Necr           0%         N/A       100%        6
 Malign Gateway           Summ/Tloc      0%         N/A       100%        7
 Ozocubu's Refrigeration  Ice            0%         4d5       100%        7
 Summon Horrible Things   Summ           0%         N/A       100%        8


Dungeon Overview and Level Annotations

Branches:
Dungeon (13/15)            Temple (1/1) D:7            Lair (1/6) D:10
    Orc (2/2) D:9
    Elf: Orc:2       Vaults: D:13-14

Altars:
Ashenzari
Cheibriados
Dithmenos
Elyvilon
Fedhas
Hepliaklqana
Kikubaaqudgha
Makhleb
Nemelex Xobeh
Okawaru
Qazlal
Ru
Sif Muna
Trog
Uskayaw
Vehumet
Wu Jian
Xom
Yredelemnul
Zin
The Shining One

Shops:
D:11 !

Annotations:
D:3 2 transporters, Grinder; KamiKatze's ghost, amateur DjCj
D:4 exclusion: upstairs
D:5 1 runed translucent door, mn3067's ghost, amateur GrEE
D:7 Dowan; Duvessa
D:8 exclusion: downstairs


Innate Abilities, Weirdness & Mutations

You are too large for most types of armour.
You have claws for hands.
Your natural rate of healing is unusually fast.
You are covered in fur. (AC +1)
You have tough skin. (AC +1)


Message History

There is an open door, spattered with blood here.
You start resting.
HP restored.
Found a stone staircase leading up.
There is a staircase to the Lair here.
You climb downwards.
Welcome to the Lair of Beasts!
The black mamba hisses angrily.
Found a scroll of identify.
There is a staircase back to the Dungeon here.
The black mamba bites you!
You barely miss the black mamba. The black mamba bites you!
You are poisoned.
The black mamba poisons you!
You barely miss the black mamba.
You feel very sick. The black mamba bites you! x2
You barely miss the black mamba.
You feel very sick. The black mamba bites you.
You mangle the black mamba!!
The black mamba is severely wounded.
You feel very sick. The black mamba bites you.
You scratch the black mamba but do no damage.
The black mamba is severely wounded.
You feel very sick. The black mamba bites you!
* * * LOW HITPOINT WARNING * * *
You are more poisoned.
The black mamba poisons you! The black mamba bites you.
* * * LOW HITPOINT WARNING * * *
You are lethally poisoned!
The black mamba poisons you!
You claw the black mamba!
You kill the black mamba!
* * * LOW HITPOINT WARNING * * *
You feel extremely sick.
* * * LOW HITPOINT WARNING * * *
You feel extremely sick.
You die...

###### ###....###
##........###
##...........#
##............##
###F........@....#
.................#
#.....<.........#
#..............##
#..............##
##............##
#............#
#........P..##
#..........P##


There were no monsters in sight!

Vanquished Creatures
  2 boulder beetles
  3 death yaks
  A two-headed ogre (D:9)
  A cyclops (D:11)
  A black mamba (Lair:1)
  3 gargoyles
  2 kobold demonologists
  2 komodo dragons
  A hornet (D:9)
  A shadow (D:10)
  A wraith (D:11)
  8 yaks
  A steam dragon (D:7)
  A water moccasin (D:5)
  4 ice beasts (D:6)
  A black bear (D:5)
  2 orc warriors
  4 ogres
  2 boggarts (D:9)
  6 centaurs (D:11)
  A phantom (D:5)
  16 kobold brigands (D:11)
  2 bullfrogs
  A wyvern zombie (D:8)
  A water moccasin zombie (D:6)
  2 scorpions
  3 wights
  5 howler monkeys
  A bullfrog zombie (D:6)
  5 centaur zombies
  6 orc priests
  3 hounds
  4 jellies
  A centaur skeleton (D:7)
  A bullfrog skeleton (D:6)
  3 iguanas
  Natasha (thrice) (D:2)
  6 orc wizards
  A hell rat (D:10)
  2 killer bee zombies
  3 hound skeletons (D:4)
  A hound zombie (D:5)
  10 adders
  4 river rats (D:10)
  A shadow imp (D:5)
  An ufetubus (D:6)
  3 worms
  3 dart slugs
  24 orcs
  5 endoplasms
  2 giant cockroaches
  3 hobgoblins
  4 jackals
  10 kobolds
  3 quokkas
  A ball python (D:3)
  6 bats
  2 frilled lizards (D:2)
  6 goblins
  4 rats
210 creatures vanquished.

Vanquished Creatures (others)
  An ufetubus (D:7)
  A quokka (D:7)
  4 bushes (D:7)
6 creatures vanquished.

Grand Total: 216 creatures vanquished

Notes
Turn   | Place    | Note
-------+----------+-------------------------------------------
     0 | D:1      | Acheron the Troll Arcane Marksman began the quest for the
                  | Orb.
     0 | D:1      | Reached XP level 1. HP: 18/18 MP: 1/1
   102 | D:2      | Reached skill level 1 in Fighting
   148 | D:2      | Reached XP level 2. HP: 11/27 MP: 2/2
   238 | D:2      | Reached skill level 1 in Unarmed Combat
   256 | D:2      | Reached XP level 3. HP: 30/33 MP: 3/3
   355 | D:2      | Found a glowing silver altar of Zin.
   373 | D:2      | Noticed Natasha
   379 | D:2      | Killed Natasha
   470 | D:2      | Noticed Natasha
   488 | D:2      | Reached XP level 4. HP: 41/41 MP: 4/4
   495 | D:2      | Killed Natasha
   813 | D:2      | Noticed Natasha
   822 | D:2      | Killed Natasha
   823 | D:2      | Reached XP level 5. HP: 33/49 MP: 5/5
  1120 | D:3      | Reached skill level 2 in Unarmed Combat
  1258 | D:5      | Entered Level 5 of the Dungeon
  1277 | D:3      | Found a transporter.
  1278 | D:3      | Found a transporter.
  1278 | D:3      | Noticed KamiKatze's ghost (amateur DjCj)
  1279 | D:3      | Noticed an ogre
  1283 | D:3      | Noticed an ogre
  1543 | D:3      | Noticed Grinder
  1649 | D:4      | Reached skill level 3 in Unarmed Combat
  1751 | D:4      | Reached XP level 6. HP: 57/57 MP: 6/6
  2405 | D:5      | Noticed a water moccasin
  2462 | D:6      | Noticed an ice beast
  2496 | D:6      | Reached skill level 4 in Unarmed Combat
  2534 | D:6      | Noticed an ice beast
  2557 | D:6      | Killed an ice beast
  2558 | D:6      | Reached skill level 1 in Stealth
  2558 | D:6      | Reached XP level 7. HP: 62/66 MP: 7/7
  2619 | D:6      | Reached skill level 1 in Armour
  2619 | D:6      | Reached skill level 1 in Evocations
  2622 | D:6      | Reached skill level 5 in Unarmed Combat
  2756 | D:6      | Reached XP level 8. HP: 47/74 MP: 8/8
  3149 | D:6      | Found a sparkling altar of Nemelex Xobeh.
  3156 | D:6      | Reached skill level 6 in Unarmed Combat
  3455 | D:5      | Found a runed translucent door.
  3460 | D:5      | Noticed mn3067's ghost (amateur GrEE)
  3502 | D:5      | Found a basalt altar of Yredelemnul.
  3502 | D:5      | Found a stormy altar of Qazlal.
  3666 | D:5      | Reached skill level 7 in Unarmed Combat
  4206 | D:7      | Found a staircase to the Ecumenical Temple.
  4215 | Temple   | Entered the Ecumenical Temple
  4460 | Temple   | Became a worshipper of the Shining One
  4516 | D:7      | Reached XP level 9. HP: 46/83 MP: 9/9
  4581 | D:7      | Found a glowing silver altar of Zin.
  4658 | D:7      | Noticed Dowan
  4659 | D:7      | Noticed Duvessa
  4696 | D:9      | Noticed a rakshasa
  4696 | D:9      | Noticed a kobold demonologist
  4920 | D:7      | Found a white marble altar of Elyvilon.
  5105 | D:8      | Reached * piety under the Shining One
  5130 | D:8      | Reached skill level 8 in Unarmed Combat
  5270 | D:8      | Noticed a gargoyle
  5277 | D:8      | Killed a gargoyle
  5894 | D:8      | Reached skill level 1 in Axes
  5894 | D:8      | Reached skill level 1 in Invocations
  5926 | D:9      | Noticed a two-headed ogre
  5933 | D:8      | Reached skill level 9 in Unarmed Combat
  5981 | D:9      | Found a staircase to the Orcish Mines.
  5988 | Orc:1    | Entered Level 1 of the Orcish Mines
  6110 | Orc:2    | Entered Level 2 of the Orcish Mines
  6110 | Orc:2    | Noticed a troll
  6134 | Orc:1    | Noticed an orc knight
  6139 | Orc:1    | Noticed a two-headed ogre
  6182 | D:9      | Noticed a manticore
  6202 | D:9      | Killed a kobold demonologist
  6203 | D:9      | Reached XP level 10. HP: 86/92 MP: 10/10
  6213 | D:9      | Noticed a two-headed ogre
  6294 | D:10     | Entered Level 10 of the Dungeon
  6297 | D:10     | Noticed a death yak
  6297 | D:10     | Noticed a death yak
  6302 | D:10     | Noticed a death yak
  6318 | D:9      | HP: 1/92 [death yak (18)]
  6319 | D:9      | Killed a death yak
  6320 | D:9      | Reached skill level 5 in Dodging
  6416 | D:9      | Killed a two-headed ogre
  6417 | D:9      | Reached skill level 10 in Unarmed Combat
  6479 | D:10     | Reached ** piety under the Shining One
  6543 | D:11     | Noticed a cyclops
  6549 | D:11     | Killed a cyclops
  6615 | D:11     | Noticed a gargoyle
  6636 | D:11     | Killed a gargoyle
  6695 | D:11     | Found Oritwun's Distillery.
  6706 | D:11     | Bought 2 potions of heal wounds for 130 gold pieces
  6706 | D:11     | Bought a potion of attraction for 39 gold pieces
  6895 | D:10     | Found a faded altar of an unknown god.
  7031 | D:10     | Noticed a two-headed ogre
  7071 | D:10     | Reached XP level 11. HP: 94/100 MP: 12/12
  7167 | D:11     | Reached skill level 11 in Unarmed Combat
  7267 | D:11     | Noticed a boulder beetle
  7309 | D:11     | Killed a boulder beetle
  7310 | D:11     | Reached skill level 5 in Throwing
  7562 | D:12     | Noticed a boulder beetle
  7604 | D:12     | Noticed a five-headed hydra
  7807 | D:12     | Killed a boulder beetle
  8363 | D:10     | Killed a death yak
  8372 | D:10     | Killed a death yak
  8373 | D:10     | Reached skill level 12 in Unarmed Combat
  8481 | D:10     | Found a staircase to the Lair.
  8486 | D:10     | Found a shadowy altar of Dithmenos.
  8491 | D:10     | Reached *** piety under the Shining One
  8504 | Lair:1   | Entered Level 1 of the Lair of Beasts
  8516 | Lair:1   | Succumbed to a black mamba's poison

Illustrated notes

Levels and vault maps discovered:
D:1:      dpeg_arrival_brainrot, layout_basic,
          shapermc_ecumenical_altar_starsandcircs, serial_shops,
          nicolae_shop_waterfront, dk_noncrumbling_4, serial_park_tiny_1
D:2:      layout_loops_ring, basic_altar, minmay_split_cup_small, uniq_natasha
D:3:      layout_basic, gammafunk_ghost_smash, skrybe_limestone_x,
          kennysheep_generic_room_9, uniq_grinder
D:4:      layout_basic, lemuel_old_faithful
D:5:      layout_cave_pools, jmf_multi_god_temple, ebering_ghost_inner_flame
D:6:      layout_basic, mainiacjoe_overflow_boulevard, amethyst_killhole,
          minmay_starry_boxes
D:7:      minmay_klotski, layout_cave_pools, kennysheep_mini, elyvilon_altar_4,
          lemuel_temple_firewalk_b, minivault_11, grunt_ministairs_13,
          chequers_arboretum, uniq_duvessa
D:8:      layout_basic, st_stairs_2
D:9:      minmay_cut_squares, layout_loops_cross, orc_0_dummy,
          gammafunk_ghost_nasty_kobolds
D:10:     layout_cave_pools, grunt_dithmenos_shadows,
          mainiacjoe_overflow_cross_hatched, dpeg_lair_monsters,
          serial_column_ruins, column_ruins_hut_pillars,
          column_ruins_temple_circle, column_ruins_open_small,
          column_ruins_grid_2, column_ruins_corridor_dead_end,
          column_ruins_grid_1, column_ruins_open_small_water,
          kennysheep_generic_room_4
D:11:     layout_roguey [special_room_kobold], serial_shops, shop
D:12:     layout_basic
D:13:     wad_river_or_something, layout_irregular_city, minmay_checkerbox
Temple:   regret_index_temple_generic_petals
Lair:1:   layout_cave_pods, gammafunk_ghost_ooze, minmay_hedge_maze,
          grunt_megastairs_4
Orc:1:    layout_caves, special_room [special_room_bee], serial_shops,
          nicolae_shop_window_shopping, minmay_orc_treasury, uniq_urug
Orc:2:    kennysheep_orc_mage_school, layout_diamond_mine, uniq_snorg

Skill      XL: |  1  2  3  4  5  6  7  8  9 10 11 |
---------------+----------------------------------+-----
Fighting       | 1 2 3 4 |  4.6
Unarmed Combat | 1 3 4 5 7 9 10 12 | 12.1
Dodging        | 2 3 4 5 6 |  6.2
Throwing       | 2 3 4 5 |  5.3
Stealth        | 1 2 3 |  3.1
Armour         | 1 2 |  2.2
Evocations     | 1 2 3 |  3.5
Axes           | 1 2 3 |  3.2
Invocations    | 1 2 3 |  3.4
Spellcasting   | |  1.0
Hexes          | |  2.3

Action                   |  1- 3 |  4- 6 |  7- 9 | 10-12 || total
-------------------------+-------+-------+-------+-------++-------
Melee: Unarmed           |    82 |   152 |   277 |   258 ||   769
       Punch             |       |     2 |    23 |    32 ||    57
       Rapier            |       |       |       |     2 ||     2
Throw: Large rock        |       |     4 |     4 |     1 ||     9
  Use: Scroll            |       |    12 |     6 |    10 ||    28
       Potion            |       |       |       |     4 ||     4
 Stab: Sleeping          |     1 |     1 |       |       ||     2
Armor: Robe              |    34 |    41 |    32 |       ||   107
       Steam dragon scal |       |       |    42 |    71 ||   113
Dodge: Dodged            |    52 |    90 |   155 |   150 ||   447
